 Seeded DCSS version 0.29.1-15-g9cfb28693d (webtiles) character file.

Game seed: 16245865983455551772 (custom seed)

156 Darius099 the Sneak (level 5, 0/34 HPs)
             Began as an Octopode Brigand on Mar 8, 2023.
             Killed from afar by Natasha (6 damage)
             ... with a magic dart
             ... on level 3 of the Dungeon.
             The game lasted 00:02:55 (2524 turns).

Darius099 the Sneak (Octopode Brigand)              Turns: 2524, Time: 00:02:57

Health: 0/34       AC:  1    Str: 10    XL:     5   Next: 38%
Magic:  5/5        EV: 13    Int: 25    God:
Gold:   91         SH:  0    Dex: 16    Spells: 4/4 levels left

rFire   . . .      SeeInvis .   a - +2 dagger
rCold   . . .      Faith    .   (no shield)
rNeg    . . .      Spirit   .   (helmet restricted)
rPois   .          Reflect  .   (no amulet)
rElec   .          Harm     .   h - +6 ring of intelligence
rCorr   .          Rampage  .   i - +6 ring of intelligence
Will    .....                   (no ring)
Stlth   +++++.....              (no ring)
HPRegen 0.11/turn               (no ring)
MPRegen 0.09/turn               (no ring)
                                (no ring)
                                (no ring)

@: no status effects
A: almost no armour, amphibious, 8 rings, camouflage 1, gelatinous body 1,
(nimble swimmer 1), tentacles
a: no special abilities


You were on level 3 of the Dungeon.
You visited 1 branch of the dungeon, and saw 3 of its levels.

You collected 91 gold pieces.

Inventory:

Hand Weapons
 a - a +2 dagger (weapon)
Missiles
 b - 11 poisoned darts (quivered)
 c - 3 curare-tipped darts
Jewellery
 h - a +6 ring of intelligence (left tentacle)
 i - a +6 ring of intelligence (right tentacle)
Scrolls
 d - 3 scrolls of acquirement {unknown}
 g - 2 scrolls of teleportation {unknown}
 j - 2 scrolls of identify {unknown}
 l - a scroll of summoning {unknown}
 m - a scroll of enchant weapon {unknown}
Potions
 e - a potion of might {unknown}
 f - 2 potions of flight {unknown}
 k - a potion of lignification {unknown}


   Skills:
 - Level 2.1 Fighting
 + Level 3.9 Short Blades
 - Level 2.1 Throwing
 - Level 1.2 Dodging
 + Level 7.2 Stealth


You had 4 spell levels left.
You didn't know any spells.
Your spell library contained the following spells:

 Spells                   Type           Power      Damage    Failure   Level
 Sting                    Tmut/Pois      0%         1d3       14%         1
 Poisonous Vapours        Pois/Air       0%         N/A       21%         2
 Olgreb's Toxic Radiance  Pois           0%         N/A       80%         4


Dungeon Overview and Level Annotations

Branches:
Dungeon (3/15)

Altars:

Annotations:
D:3 Natasha


Innate Abilities, Weirdness & Mutations

You cannot wear most types of armour.
You are amphibious.
You can wear up to eight rings at the same time.
Your skin changes colour to match your surroundings (Stealth+).
Your rubbery body absorbs attacks. (AC +1, EV +1)
((You are camouflaged when in or above water. (Stealth+)))
You have tentacles for arms and can constrict up to eight enemies at once.


Message History

You constrict the orc. The rat barely misses you. The hobgoblin hits you.
The orc closely misses you.
You are too injured to fight recklessly!
You are too injured to fight recklessly!
You hit the orc. You squeeze the orc.
You kill the orc!
The hobgoblin closely misses you. The rat bites you. The hobgoblin hits you.
* * * LOW HITPOINT WARNING * * *
You hit the hobgoblin. You grab the hobgoblin.
The hobgoblin is heavily wounded.
You constrict the hobgoblin, but do no damage.
You hit the hobgoblin. You squeeze the hobgoblin.
You kill the hobgoblin!
Natasha extends her claws.
Natasha casts a spell.
The hobgoblin misses you. The rat closely misses you.
You hit the hobgoblin. Your grab misses the hobgoblin.
Your squeeze misses the hobgoblin.
The hobgoblin is severely wounded.
The hobgoblin closely misses you. The rat bites you.
* * * LOW HITPOINT WARNING * * *
You barely miss the hobgoblin. Your grab misses the hobgoblin.
Your squeeze misses the hobgoblin.
The hobgoblin is severely wounded.
Natasha howls an incantation.
You feel disoriented. The hobgoblin misses you. The rat closely misses you.
You hit Natasha. You grab Natasha.
Natasha is lightly wounded.
You constrict Natasha. Natasha claws you.
* * * LOW HITPOINT WARNING * * *
The hobgoblin closely misses you. The rat bites you but does no damage.
You hit Natasha. Your squeeze misses Natasha.
Natasha is heavily wounded.
You constrict Natasha, but do no damage.
Natasha howls an incantation.
Natasha shimmers violently.
Natasha stares at you and mumbles some strange words.
The magic dart hits you.
You die...

.#.# ###.#.#...
##.#####.#.#####
#.#...#)..#
#.#...###.# #.#.(.#
#.########### #.#...#
#.#.........# #.#...#
#.#.........# ##.#...#
#.#....))...#
.......###.'....@5...#
...........#...hgr...#
############.........#
...# #<# #.........#
...# #.# ####'##....#
##.# #.# #.# ....# #.#
#.# #.. ....# #.# #.#
#........ #.# #.#


You could see Natasha, a crimson imp (summoned), a hobgoblin and a rat.

Vanquished Creatures
  An orc priest (D:3)
  Jessica (D:2)
  2 orc wizards (D:3)
  An adder (D:2)
  5 orcs
  4 ball pythons
  2 bats
  4 endoplasms (D:1)
  2 goblins (D:1)
  4 hobgoblins
  3 quokkas (D:1)
  A frilled lizard (D:1)
  2 kobolds (D:1)
  4 rats
36 creatures vanquished.

Vanquished Creatures (others)
  2 plants (D:3)
2 creatures vanquished.

Grand Total: 38 creatures vanquished

Notes
Turn   | Place    | Note
-------+----------+-------------------------------------------
     0 | D:1      | Darius099 the Octopode Brigand began the quest for the Orb.
     0 | D:1      | Reached XP level 1. HP: 14/14 MP: 1/1
   262 | D:1      | Reached XP level 2. HP: 18/19 MP: 2/2
   337 | D:1      | Found a faded altar of an unknown god.
  1263 | D:1      | Reached XP level 3. HP: 17/24 MP: 3/3
  1425 | D:2      | Reached skill level 6 in Stealth
  1461 | D:2      | Noticed Jessica
  1465 | D:2      | Killed Jessica
  1466 | D:2      | Reached XP level 4. HP: 29/29 MP: 4/4
  2336 | D:3      | Reached skill level 7 in Stealth
  2336 | D:3      | Reached XP level 5. HP: 31/34 MP: 5/5
  2508 | D:3      | Noticed Natasha
  2524 | D:3      | Killed from afar by Natasha

Illustrated notes

Levels and vault maps discovered:
D:1:      minmay_arrival_hallway, layout_loops_corners, basic_ecumenical_altar,
          minmay_unequal
D:2:      layout_loops_ring, uniq_jessica
D:3:      layout_basic, serial_shops, nicolae_shop_advertising_works
          [nicolae_subvault_shop_adworks], minmay_shallow_snake_nest,
          uniq_natasha

Skill      XL: |  1  2  3  4 |
---------------+-------------+-----
Stealth        | 6 7 |  7.2
Short Blades   | 3 |  3.9
Fighting       | |  2.1
Throwing       | |  2.1
Dodging        | |  1.2

Action                   |  1- 3 |  4- 6 || total
-------------------------+-------+-------++-------
Melee: Dagger            |    39 |    38 ||    77
       Constrict         |     7 |    10 ||    17
       Tentacles         |     3 |    11 ||    14
       Punch             |     1 |       ||     1
 Stab: Sleeping          |    11 |     2 ||    13
Armor: Skin              |     2 |     3 ||     5
Dodge: Dodged            |    18 |    34 ||    52
